 Dungeon Sprint DCSS version 0.30-a0-556-g0a0f5a245f (webtiles) character file.

Game seed: 6780189487410386246

1876 Jaqob the Cleaver (level 8, -2/85 HPs)
             Began as a Red Draconian Berserker on Dec 27, 2022.
             Was a High Priest of Trog.
             Slain by a six-headed hydra (4 damage)
             ... in the Dungeon (Sprint IX: "|||||||||||||||||||||||||||||").
             The game lasted 00:03:16 (375 turns).

Jaqob the Cleaver (Red Draconian Berserker)          Turns: 375, Time: 00:03:16

Health: -2/85      AC:  6    Str: 28    XL:     8   Next: 91%
Magic:  8/8        EV: 15    Int:  7    God:    Trog [*****.]
Gold:   0          SH:  0    Dex: 11    Spells: 7/7 levels left

rFire   + . .      SeeInvis .    j - +3 war axe (heavy)
rCold   . . .      Faith    .    (no shield)
rNeg    . . .      Spirit   .    (body armour unavailable)
rPois   .          Reflect  .    (helmet restricted)
rElec   .          Harm     .    (no cloak)
rCorr   .          Rampage  .    (no gloves)
Will    ++...      NoTele   +    (no boots)
Stlth   +                        (no amulet)
HPRegen 1.34/turn                k - +3 ring of strength
MPRegen 0.11/turn                l - +3 ring of strength

@: strong-willed, on berserk cooldown, regenerating, slowed, very slow
A: breathe fire, AC +6, unfitting armour, fire resistance 1, cold-blooded
a: Breathe Fire, Renounce Religion, Berserk, Trog's Hand, Brothers in Arms


You were in the Dungeon.
You worshipped Trog.
Trog was extremely pleased with you.
You visited 1 branch

Inventory:

Hand Weapons
 a - a +0 hand axe
 j - a +3 heavy war axe (weapon)
Armour
 c - a +0 helmet
Jewellery
 k - a +3 ring of strength (left hand)
 l - a +3 ring of strength (right hand)
Wands
 i - a wand of roots (10)
Scrolls
 g - 2 scrolls of blinking
Potions
 b - a potion of curing
 d - a potion of haste
 e - 4 potions of magic
 f - a potion of berserk rage
 h - a potion of invisibility


   Skills:
 + Level 12.9 Fighting
 + Level 13.6 Axes
 + Level 9.4 Dodging


You had 7 spell levels left.
You didn't know any spells.
Your spell library was empty.

Dungeon Overview and Level Annotations

Branches:
Dungeon (1/1)

Altars:
Cheibriados
Dithmenos
Elyvilon
Fedhas
Gozag
Hepliaklqana
Kikubaaqudgha
Makhleb
Nemelex Xobeh
Okawaru
Qazlal
Ru
Sif Muna
Trog
Uskayaw
Vehumet
Wu Jian
Xom
Yredelemnul
Zin
The Shining One
Jiyva
Lugonu


Innate Abilities, Weirdness & Mutations

You can breathe blasts of fire.
Your fiery red scales are hard. (AC +6)
You cannot fit into any form of body armour.
Your flesh is heat resistant. (rF+)
You are cold-blooded and may be slowed by cold attacks.


Message History

The skeletal warrior is lightly damaged.
The skeletal warrior hits you with a +0 halberd!
You carve the skeletal warrior like a ham!!!
The skeletal warrior is severely damaged.
You slice the skeletal warrior!!
You destroy the skeletal warrior!
Trog accepts your kill.
Your Axes skill increases to level 13!
You slice one of the four-headed hydra's heads off!
The three-headed hydra grows two more!
You slice the five-headed hydra!!
The five-headed hydra is moderately wounded.
The five-headed hydra bites you but does no damage.
The five-headed hydra bites you.
The five-headed hydra barely misses you.
The five-headed hydra bites you! x2
You hack one of the five-headed hydra's heads off!
The four-headed hydra grows two more!
You slash the six-headed hydra!
The six-headed hydra is moderately wounded.
The six-headed hydra bites you. The six-headed hydra barely misses you.
The six-headed hydra bites you!
* * * LOW HITPOINT WARNING * * *
The six-headed hydra bites you!
* * * LOW HITPOINT WARNING * * *
The six-headed hydra bites you.
* * * LOW HITPOINT WARNING * * *
The six-headed hydra bites you.
* * * LOW HITPOINT WARNING * * *
There is an open door, spattered with blood here.
You see here a +3 battleaxe.
You feel a strong urge to attack something.
You feel your anger nearly subside.
You are no longer berserk.
You are exhausted.
You feel yourself slow down.
Your skin crawls.
You feel strong-willed.
The six-headed hydra attacks as you move away!
The six-headed hydra bites you!
* * * LOW HITPOINT WARNING * * *
The six-headed hydra bites you.
You die... ▓▓▓▓▓▓▓▓▓▓▓▓▓▓▓▓▓▓▓▓▓▓▓▓▓▓▓ +....)cD.D@...)..[[..)?.'__ ▓▓▓▓▓▓▓▓▓▓▓▓▓▓▓▓▓▓▓▓▓▓▓▓▓▓▓

You could see a six-headed hydra, a centaur warrior and an acid dragon.

Vanquished Creatures
  A centaur warrior (D)
  A skeletal warrior (D)
  An unseen horror (D)
  2 yaks (D)
  A howler monkey (D)
  2 iguanas (D)
  3 orc wizards (D)
  An adder (D)
  An ufetubus (D)
  A dart slug (D)
  An endoplasm (D)
  A goblin (D)
  3 frilled lizards (D)
19 creatures vanquished.

Notes
Turn   | Place    | Note
-------+----------+-------------------------------------------
     0 | D        | Jaqob the Draconian Berserker began the quest for the Orb.
     0 | D        | Reached XP level 1. HP: 19/19 MP: 1/1
     9 | D        | Reached ** piety under Trog
    70 | D        | Noticed an iguana
    70 | D        | Noticed an iguana
    71 | D        | Killed an iguana
    72 | D        | Reached skill level 5 in Fighting
    72 | D        | Reached skill level 4 in Axes
    72 | D        | Reached XP level 2. HP: 29/29 MP: 2/2
    72 | D        | Reached XP level 3. HP: 36/36 MP: 3/3
    73 | D        | Reached *** piety under Trog
    76 | D        | Reached skill level 5 in Axes
    78 | D        | Reached XP level 4. HP: 44/44 MP: 4/4
   119 | D        | Found a snail-covered altar of Cheibriados.
   119 | D        | Found a shadowy altar of Dithmenos.
   119 | D        | Found a white marble altar of Elyvilon.
   119 | D        | Found a blossoming altar of Fedhas.
   119 | D        | Found an opulent altar of Gozag.
   120 | D        | Found a hazy altar of Hepliaklqana.
   121 | D        | Found a viscous altar of Jiyva.
   122 | D        | Found an ancient bone altar of Kikubaaqudgha.
   123 | D        | Found a corrupted altar of Lugonu.
   124 | D        | Found a burning altar of Makhleb.
   125 | D        | Found a sparkling altar of Nemelex Xobeh.
   126 | D        | Found an iron altar of Okawaru.
   127 | D        | Found a stormy altar of Qazlal.
   128 | D        | Found a sacrificial altar of Ru.
   129 | D        | Found a shimmering blue altar of Sif Muna.
   130 | D        | Found a bloodstained altar of Trog.
   131 | D        | Found a hide-covered altar of Uskayaw.
   132 | D        | Found a radiant altar of Vehumet.
   133 | D        | Found an ornate altar of the Wu Jian Council.
   134 | D        | Found a shimmering altar of Xom.
   135 | D        | Found a basalt altar of Yredelemnul.
   136 | D        | Found a glowing silver altar of Zin.
   137 | D        | Found a glowing golden altar of the Shining One.
   176 | D        | Noticed a yak
   176 | D        | Noticed a yak
   178 | D        | Reached **** piety under Trog
   179 | D        | Reached skill level 6 in Axes
   179 | D        | Reached skill level 5 in Dodging
   183 | D        | Reached skill level 7 in Axes
   183 | D        | Reached XP level 5. HP: 51/51 MP: 5/5
   189 | D        | Killed a yak
   190 | D        | Reached skill level 8 in Axes
   190 | D        | Reached XP level 6. HP: 33/62 MP: 6/6
   190 | D        | Reached ***** piety under Trog
   191 | D        | Reached skill level 9 in Axes
   192 | D        | Killed a yak
   193 | D        | Reached skill level 10 in Axes
   207 | D        | Killed an unseen horror
   208 | D        | Reached skill level 10 in Fighting
   208 | D        | Reached skill level 11 in Axes
   208 | D        | Your scales start taking on a fiery red colour.
   208 | D        | Reached XP level 7. HP: 35/73 MP: 7/7
   208 | D        | Gained mutation: Your flesh is heat resistant. (rF+) [Red
                  | Draconian growth]
   357 | D        | Noticed a centaur warrior
   357 | D        | Noticed a four-headed hydra
   357 | D        | Noticed a skeletal warrior
   357 | D        | Noticed a centaur warrior
   361 | D        | Killed a centaur warrior
   362 | D        | Reached skill level 12 in Axes
   362 | D        | Reached XP level 8. HP: 83/83 MP: 8/8
   362 | D        | Received a gift from Trog
   367 | D        | Killed a skeletal warrior
   368 | D        | Reached skill level 13 in Axes
   375 | D        | HP: 2/85 [six-headed hydra (10)]
   375 | D        | Slain by a six-headed hydra

Illustrated notes

Levels and vault maps discovered:
D:        linesprint [early_d, line_temple, items_1, d_10, items_2, lair_1,
          lair_end, items_3, orc_1, orc_end, items_4, d_15, swamp_1, shoals_1,
          snake_1, spider_1, d_20, vaults_1, items_5, swamp_end, shoals_end,
          snake_end, spider_end, vaults_end, d_27, items_6, zot_1, zot_end,
          crypt_end, forest_end, elf_end, slime_end, tomb_end, abyss_end,
          pan_hell_end]

Skill      XL: |  1  2  3  4  5  6  7  8 |
---------------+-------------------------+-----
Dodging        | 4 5 6 8 9 |  9.4
Fighting       | 5 6 8 10 12 | 12.9
Axes           | 4 5 7 8 11 12 13 | 13.6

Action                   |  1- 3 |  4- 6 |  7- 9 || total
-------------------------+-------+-------+-------++-------
Melee: Hand axe          |    18 |     3 |       ||    21
       Tailslap          |     3 |     1 |       ||     4
       War axe           |       |    23 |     9 ||    32
       Punch             |       |     1 |       ||     1
Invok: Berserk           |     1 |     1 |     1 ||     3
       Trog's Hand       |       |       |     1 ||     1
 Abil: Breathe Fire      |       |       |     1 ||     1
  Use: Potion            |       |     7 |       ||     7
Armor: Skin              |     4 |    12 |     2 ||    18
Dodge: Dodged            |     5 |    18 |     3 ||    26

Table legend: (Time is in decaauts)
 A = Elapsed time spent in this place.
 B = Non-inter-level travel time spent in this place.
 C = Inter-level travel time spent in this place.
 D = Time resting spent in this place.
 E = Time spent auto-exploring this place.
 F = Levels seen in this place.
 G = Mean time per level.
                   A        B        C        D        E       F      G
               +--------+--------+--------+--------+--------+-----+--------+
         Total |    408 |    408 |      0 |    197 |      3 |   1 |  408.0 |
       Dungeon |    408 |    408 |      0 |    197 |      3 |   1 |  408.0 |
               +--------+--------+--------+--------+--------+-----+--------+

Top non-repeatable levels by time:
       D: 408 daAuts
